 Dungeon Crawl Stone Soup version 0.30-a0-883-g5ad918d77d (webtiles) character file.

Game seed: 13834161730790568826

285 Pimp the Magician (level 6, -1/36 HPs)
             Began as an Octopode Fire Elementalist on Mar 17, 2023.
             Was an Initiate of Gozag.
             Slain by an ogre
             ... wielding a +0 giant club
              (29 damage)
             ... on level 4 of the Dungeon.
             The game lasted 00:08:49 (3339 turns).

Pimp the Magician (Octopode Fire Elementalist)      Turns: 3339, Time: 00:08:50

Health: -1/36      AC:  1    Str:  7    XL:     6   Next: 29%
Magic:  22/22      EV: 14    Int: 20    God:    Gozag
Gold:   107        SH:  0    Dex: 12    Spells: 10/14 levels left

rFire   . . .      SeeInvis .    e - +1 short sword (flame)
rCold   . . .      Faith    .    (no shield)
rNeg    + . .      Spirit   .    (helmet restricted)
rPois   .          Reflect  .    c - amulet of regeneration
rElec   .          Rampage  .    k - ring of magical power
rCorr   .                        m - ring of positive energy
Will    .....                    (no ring)
Stlth   +++                      (no ring)
HPRegen 1.06/turn                (no ring)
MPRegen 0.18/turn                (no ring)
                                 (no ring)
                                 (no ring)

@: weakened, gold aura
A: almost no armour, amphibious, 8 rings, camouflage 1, gelatinous body 1,
(nimble swimmer 1), tentacles
a: Renounce Religion, Potion Petition, Call Merchant, Bribe Branch


You were on level 4 of the Dungeon.
You worshipped Gozag.
Gozag was aware of your devotion.
You visited 2 branches of the dungeon, and saw 5 of its levels.

You collected 160 gold pieces.
You paid 53 gold pieces to Gozag.

Inventory:

Hand Weapons
 b - a +0 short sword
 e - a +1 short sword of flaming (weapon)
 q - a +3 short sword
Missiles
 l - 4 javelins (quivered)
Jewellery
 c - an amulet of regeneration (around mantle)
 d - an amulet of the acrobat
 k - a ring of magical power (left tentacle)
 m - a ring of positive energy (right tentacle)
Scrolls
 g - 2 scrolls of immolation
 h - 5 scrolls of teleportation
 j - a scroll of amnesia
 o - a scroll of identify
 p - a scroll of poison
Potions
 a - 2 potions of magic
 f - a potion of invisibility {unknown}
 i - 2 potions of attraction {unknown}
 n - a potion of mutation {unknown}
 r - a potion of curing {unknown}


   Skills:
 - Level 4.0 Dodging
 - Level 3.0 Stealth
 + Level 4.8 Spellcasting
 - Level 1.1 Conjurations
 - Level 3.0 Fire Magic


You had 10 spell levels left.
You knew the following spells:

 Your Spells              Type           Power      Damage    Failure   Level
a - Foxfire               Conj/Fire      52%        2x1d6     4%          1
b - Ignite Poison         Fire/Tmut/Pois 8%         N/A       24%         3

Your spell library contained the following spells:

 Spells                   Type           Power      Damage    Failure   Level
 Scorch                   Fire           34%        2d6       4%          2
 Inner Flame              Hex/Fire       11%        N/A       19%         3
 Kindle Blastsparks       Fire/Tloc/Air  16%        2d11      24%         3
 Vhi's Electric Charge    Tloc/Air       8%         N/A       34%         3
 Flame Wave               Conj/Fire      13%        2d6       43%         4
 Arcjolt                  Conj/Air       3%         1d13      95%         5
 Freezing Cloud           Conj/Ice/Air   3%         6-21      95%         5
 Maxwell's Capacitive Co  Air            2%         ∞         100%        8


Dungeon Overview and Level Annotations

Branches:
Dungeon (4/15)             Temple (1/1) D:4

Altars:
Ashenzari
Cheibriados
Elyvilon
Fedhas
Gozag
Kikubaaqudgha
Nemelex Xobeh
Ru
Sif Muna
Uskayaw
Vehumet
Wu Jian
Xom
Yredelemnul
Zin
The Shining One

Shops:
D:2 =


Innate Abilities, Weirdness & Mutations

You cannot wear most types of armour.
You are amphibious.
You can wear up to eight rings at the same time.
Your skin changes colour to match your surroundings (Stealth+).
Your rubbery body absorbs attacks. (AC +1, EV +1)
((You are camouflaged when in or above water. (Stealth+)))
You have tentacles for arms and can constrict up to eight enemies at once.


Message History

The gnoll hits you from afar with a +0 spear.
Throw: 6 javelins
Press: ? - help, Q - select action, (/) - cycle Shift-Dir - straight line, f/p - gnoll
Aim: a gnoll, wielding a +0 spear (heavily wounded, poisoned, 60% to hit)
You throw a javelin. The javelin barely misses the gnoll.
The javelin pierces through the ogre.
The ogre is moderately wounded.
The javelin pierces through the gnoll bouda but does no damage.
The javelin closely misses the gnoll.
The gnoll hits you from afar with a +0 spear!
Throw: 5 javelins
Press: ? - help, Q - select action, (/) - cycle Shift-Dir - straight line, f/p - gnoll
Aim: a gnoll, wielding a +0 spear (heavily wounded, poisoned, 60% to hit)
You throw a javelin. The javelin pierces through the gnoll.
The gnoll is almost dead.
The javelin pierces through the ogre but does no damage.
The ogre is moderately wounded.
The javelin barely misses the gnoll bouda.
The javelin closely misses the gnoll.
You kill the gnoll!
The ogre attacks as you move away! The ogre misses you.
A gnoll comes into view. It is wielding a +0 spear.
The gnoll shouts!
You hit the gnoll. You burn the gnoll. You grab the gnoll.
You squeeze the gnoll.
The gnoll is heavily wounded.
You constrict the gnoll. The gnoll hits you with a +0 spear.
You hit the gnoll. You burn the gnoll.
You kill the gnoll!
The ogre completely misses you.
The gnoll bouda gazes fiercely through you!
You feel your attacks grow feeble.
Things that are here:
8 gold pieces; a +0 spear You see here a hobgoblin corpse.
The ogre attacks as you move away!
The ogre hits you with a +0 giant club!!
Ouch! That really hurt!
You die...
Your body crumbles into a pile of gold.

##...###.## ###
#.........#
#8###.#.......#
#>....#..####.#
#8##..#..# #(#
#####.#..# #.#
#....# #.#
#.#.## #(#
#####@#.# #g#
#....O..# #g#
#.###$### #.#
#.# #g#######.#
#.# #...g.....#
#.# #.#########
#.# # ##.# #.#
#.##.#.######
#.#
#...###.....#
#.#


You could see an ogre and a gnoll bouda.

Vanquished Creatures
  A hound (D:4)
  An iguana (D:4)
  3 orc wizards (D:3)
  2 adders
  5 gnolls
  2 worms (D:3)
  3 dart slugs
  2 orcs (D:3)
  11 ball pythons
  7 bats
  7 endoplasms
  2 giant cockroaches
  4 goblins
  6 hobgoblins
  8 kobolds
  6 quokkas
  4 frilled lizards
  6 rats
80 creatures vanquished.

Vanquished Creatures (others)
  70 foxfires
  2 plants (D:1)
72 creatures vanquished.

Grand Total: 152 creatures vanquished

Notes
Turn   | Place    | Note
-------+----------+-------------------------------------------
     0 | D:1      | Pimp the Octopode Fire Elementalist began the quest for the
                  | Orb.
     0 | D:1      | Reached XP level 1. HP: 11/11 MP: 3/3
   169 | D:1      | Reached XP level 2. HP: 17/17 MP: 5/5
   309 | D:1      | Reached XP level 3. HP: 14/21 MP: 6/6
  1112 | D:1      | Found a faded altar of an unknown god.
  1400 | D:2      | Reached XP level 4. HP: 26/27 MP: 8/8
  1602 | D:2      | Learned a level 3 spell: Ignite Poison
  1910 | D:2      | Found Maleowia's Jewellery Shop.
  2190 | D:3      | Reached XP level 5. HP: 19/31 MP: 10/10
  3204 | D:4      | Reached XP level 6. HP: 26/36 MP: 12/12
  3246 | D:4      | Found a staircase to the Ecumenical Temple.
  3252 | Temple   | Entered the Ecumenical Temple
  3269 | Temple   | Became a worshipper of Gozag Ym Sagoz the Greedy
  3339 | D:4      | Slain by an ogre

Illustrated notes

Levels and vault maps discovered:
D:1:      minmay_arrival_up_and_down, layout_basic,
          dreamdust_ecumenical_altar_statues, chequers_serial_rivers_micro_c,
          roderic_cross_of_infinity, serial_bayou_pond_c, serial_park_tiny_1
D:2:      layout_loops_ring, serial_shops, nicolae_lakefront_shop
D:3:      layout_loops_cross
D:4:      layout_loops_ring, lemuel_coloured_pillars_altar, temple_statues
Temple:   lightli_temple_of_artemis

Skill      XL: |  1  2  3  4  5 |
---------------+----------------+-----
Stealth        | 3 |  3.0
Dodging        | 3 4 |  4.0
Spellcasting   | 3 4 |  4.8
Conjurations   | |  1.1
Fire Magic     | |  3.0

Action                     |  1- 3 |  4- 6 || total
---------------------------+-------+-------++-------
  Melee: Unarmed           |    20 |       ||    20
         Constrict         |    16 |    19 ||    35
         Tentacles         |    14 |    16 ||    30
         Short sword       |    37 |    67 ||   104
         Punch             |     1 |       ||     1
  Throw: Dart              |       |     6 ||     6
         Javelin           |       |     2 ||     2
   Cast: Foxfire           |    14 |    29 ||    43
         Ignite Poison     |       |     1 ||     1
    Use: Scroll            |     3 |     4 ||     7
         Potion            |     1 |       ||     1
   Stab: Sleeping          |    15 |    14 ||    29
 Armour: Skin              |     3 |       ||     3
  Dodge: Dodged            |    37 |    30 ||    67

Table legend: (Time is in decaauts)
 A = Elapsed time spent in this place.
 B = Non-inter-level travel time spent in this place.
 C = Inter-level travel time spent in this place.
 D = Time resting spent in this place.
 E = Time spent auto-exploring this place.
 F = Levels seen in this place.
 G = Mean time per level.
                   A        B        C        D        E       F      G
               +--------+--------+--------+--------+--------+-----+--------+
         Total |   3336 |   3168 |    168 |    389 |   1959 |   5 |  667.2 |
       Dungeon |   3300 |   3132 |    168 |    389 |   1959 |   4 |  825.0 |
        Temple |     36 |     36 |      0 |      0 |      0 |   1 |   36.0 |
               +--------+--------+--------+--------+--------+-----+--------+

Top non-repeatable levels by time:
     D:1: 1250 daAuts
     D:3: 965 daAuts
     D:2: 762 daAuts
     D:4: 321 daAuts
  Temple: 36 daAuts
